[Event "Karel Janecek Open 2024"]
[Site "Prague"]
[Date "2024.03.04"]
[Round "6.6"]
[White "Bernadskiy, Vitaliy"]
[Black "Kalogeris, Ioannis"]
[Result "0-1"]
[ECO "C78"]
[WhiteElo "2566"]
[BlackElo "2427"]
[Annotator "RC"]
[PlyCount "112"]
[EventDate "2024.02.22"]
[EventType "swiss"]
[EventCountry "CZE"]
[SourceTitle "playchess.com"]
[Source "ChessBase"]
[SourceQuality "1"]
[TimeControl "40/5400+30:1800+30"]

1. e4 e5 2. Nf3 Nc6 3. Bb5 a6 4. Ba4 Nf6 5. O-O b5 6. Bb3 Bc5 7. a4 Rb8 8. axb5 axb5 9. Nxe5 Nxe5 10. d4 Bxd4 11. Qxd4 d6 12. f3 c5 13. Qf2 O-O 14. Bg5 h6 15. Bh4 Be6 16. Nc3 c4 17. Ba2 b4 18. Ne2 Ra8 19. Nd4 g5 20. Bg3 Qb6 21. Nxe6 Qxf2+ 22. Rxf2 fxe6 23. Bxe5 dxe5 24. Rff1 b3 25. cxb3 Ra7 26. bxc4 Rfa8 27. Kf2 Rxa2 28. Rxa2 Rxa2 29. Rb1 Kf7 30. Ke3 Nd7 31. Kd3 Ke7 32. Kc3 Kd6 33. h4 g4 34. Rd1+ Ke7 35. fxg4 Nf6 36. Re1 Nxg4 37. c5 h5 38. Kb3 Ra8 39. Kc4 Rd8 40. c6 Rd4+ 41. Kb5 Nf6 42. c7 Kd7 43. Rc1 Kc8 44. Rc6 Ne8 45. Kb6 Rxe4 46. Rxe6 Nxc7 47. Rh6 Rxh4 48. Kc6 Kd8 49. g4 Rxg4 50. Rxh5 Rg6+ 51. Kc5 Ne6+ 52. Kc4 Rg4+ 53. Kc3 Ng5 54. b4 Kc7 55. Rh8 Nf7 56. Rh5 Kc6 0-1

[Event "Karel Janecek Open 2024"]
[Site "Prague"]
[Date "2024.03.04"]
[Round "6.7"]
[White "Muthaiah AL"]
[Black "Amar, Elham"]
[Result "0-1"]
[ECO "D36"]
[WhiteElo "2464"]
[BlackElo "2555"]
[Annotator "TA"]
[PlyCount "96"]
[EventDate "2024.02.22"]
[EventType "swiss"]
[EventCountry "CZE"]
[SourceTitle "playchess.com"]
[Source "ChessBase"]
[SourceQuality "1"]
[TimeControl "40/5400+30:1800+30"]

1. d4 Nf6 2. c4 e6 3. Nc3 d5 4. cxd5 exd5 5. Bg5 c6 6. e3 Nbd7 7. Bd3 Be7 8. Nge2 Nf8 9. Qc2 Ne6 10. Bh4 g6 11. O-O O-O 12. f3 b5 $1 {[%emt 0:01:15][%mdl 4] is recently more successful than 12...b6. D36: Queen's Gambit Declined: Exchange Variation: Main line (5 Bg5 c6 6 Qc2).} 13. Bf2 Bd7 14. Kh1 Rc8 15. a3 $146 ({Predecessor:} 15. e4 b4 16. Na4 c5 17. Nxc5 Nxc5 18. dxc5 dxe4 19. Bxe4 Nxe4 20. fxe4 Bb5 21. Rfd1 {0-1 Dzagnidze,N (2531)-Koneru,H (2586) Speed Chess (Women) blitz 2022 (1.39)}) 15... a5 16. Rad1 Qe8 17. Nf4 Nxf4 18. exf4 Nh5 19. g3 Ng7 20. Rfe1 Qd8 21. a4 bxa4 22. Nxa4 Bb4 23. Re2 Bf5 24. Be1 Bxe1 25. Rexe1 Re8 26. Qc3 Rxe1+ 27. Qxe1 Rb8 28. Qc3 Qe7 (28... Bxd3 $17 29. Rxd3 Qe8) 29. Bf1 $1 $11 Re8 ({Better is} 29... Qb7 $15) 30. Nc5 $11 h5 31. Kg1 Bc8 32. Rd2 Qe1 33. Rc2 Nf5 34. Qxe1 (34. Rc1 $15 Qe7 35. Ra1) 34... Rxe1 $17 35. Rd2 {[%emt 0:00:15] [#]} Nxd4 $1 36. Kf2 (36. Rxd4 $2 Bh3 37. Kf2 Rxf1+ 38. Ke3 Re1+ 39. Kf2 Rh1 $19) 36... Nxf3 37. Rc2 (37. Rd3 {might work better.} Rc1 (37... Nxh2 $2 38. Kxe1 Ng4 39. Ra3 $18) 38. Nb3 Rxf1+ 39. Kxf1) 37... Rb1 $19 (37... Nxh2 $2 38. Kxe1 Nxf1 39. Kxf1 $18) 38. Kxf3 Rxf1+ 39. Ke3 Bf5 40. Rc3 (40. Rd2 {is a better defense.}) 40... Rd1 $19 41. Nb3 (41. Ra3 $142 d4+ 42. Kf3) 41... a4 $19 42. Nd4 c5 (42... Re1+ 43. Kd2 Rh1 44. h4 $17) 43. Nxf5 d4+ ({Worse is} 43... gxf5 44. Rxc5 h4 45. gxh4 $16) 44. Ke2 dxc3 45. Kxd1 cxb2 ({Inferior is} 45... gxf5 46. bxc3 h4 47. Kc2 $11) 46. Kc2 gxf5 47. Kxb2 c4 48. Ka3 {[%emt 0:00:30] [#]} c3 $1 0-1

[Event "Karel Janecek Open 2024"]
[Site "Prague"]
[Date "2024.03.04"]
[Round "6.8"]
[White "Kilic, Eray"]
[Black "Bharath Subramaniyam H"]
[Result "0-1"]
[ECO "B12"]
[WhiteElo "2439"]
[BlackElo "2515"]
[Annotator "TA"]
[PlyCount "84"]
[EventDate "2024.02.22"]
[EventType "swiss"]
[EventCountry "CZE"]
[SourceTitle "playchess.com"]
[Source "ChessBase"]
[SourceQuality "1"]
[TimeControl "40/5400+30:1800+30"]

1. e4 c6 2. d4 d5 3. e5 Bf5 4. h4 a6 5. h5 c5 6. dxc5 Nc6 7. Bd3 Bxd3 8. cxd3 {[%emt 0:00:13][%cal Bc2d3,Bd3d4][%mdl 32] White has an edge.} Nxe5 9. d4 Nc6 10. Nf3 e6 11. Nc3 h6 12. Qb3 Ra7 13. Bf4 Nf6 14. O-O-O Be7 15. Rde1 O-O 16. Kb1 Nh7 17. Na4 Ng5 18. Nxg5 Bxg5 19. Be3 Bxe3 20. fxe3 Qg5 21. Qc2 (21. Nb6 {should be considered.}) 21... Raa8 $11 22. Rh3 f5 23. Nc3 f4 24. Qd3 {[%emt 0:14:39] White is on the road to losing.} (24. Qg6 $15 Qxg6+ 25. hxg6) 24... Qxg2 $19 25. exf4 (25. Rhh1 {is a better defense.}) 25... Nb4 $1 (25... Rxf4 26. Rg3 Qf2 (26... Rxd4 $2 27. Qg6 $18) 27. Rxg7+ Kxg7 28. Qg6+ Kf8 29. Qxh6+ Ke8 30. Rxe6+ (30. Qxe6+ Kf8 $11) 30... Kf7 (30... Kd7 31. Rd6+ Ke8 32. Re6+ Kf7 33. Qg6+ Kf8 34. Qh6+ Kf7 35. Qg6+ Kf8 36. Qh6+ Kf7 $11) 31. Qg6+ Kf8 32. Qh6+ Kf7 33. Qg6+ Kf8 34. Re8+ Rxe8 35. Qh6+ Kf7 36. Qg6+ Ke7 37. Qd6+ Kf7 38. Qg6+ Kf8 39. Qh6+ Kg8 40. Qg6+ Kf8 $11) 26. Qe3 {[%emt 0:02:49][%cal Oa2a3] [#]} e5 $1 27. Rg1 (27. fxe5 $2 Rf1 $19 (27... Nc2 $2 28. Qg3 $19) (27... Nc2 $2 28. Qg3 $19)) (27. dxe5 $2 Nc2 28. Qe2 Nxe1 $19 (28... Qxh3 $2 29. Qxc2 Rad8 30. e6 $19)) (27. Re2 Qg4) 27... Qc2+ 28. Ka1 {[%emt 0:00:04] [#] Black must now prevent a3.} Qf5 $1 {[%emt 0:01:28] ( -> ...Nc2+)} (28... exf4 29. Rxg7+ Kh8 (29... Kxg7 30. Rg3+ fxg3 31. Qxg3+ Kh8 32. Qe5+ Kh7 33. Qc7+ Kh8 34. Qe5+ Kg8 35. Qg3+ Kh8 36. Qe5+ $11) 30. Qg1 $15) (28... Rxf4 $2 29. Qxe5 (29. dxe5 $2 Qf5 $19) 29... Qh7 30. a3 (30. Qxf4 Nc2+ 31. Kb1 Na3+ 32. Ka1 Qb1+ 33. Nxb1 Nc2#) 30... Nc2+ 31. Ka2 $18) 29. Rh2 (29. fxe5 Nc2+ 30. Kb1 Na3+ (30... Nxe3+ 31. Ka1 Nc2+ 32. Kb1 Na3+ 33. Ka1) 31. Ka1 Qb1+ 32. Nxb1 Nc2#) 29... exf4 (29... Qxf4 30. Qxe5 Qxe5 31. dxe5 $17) 30. Qd2 Rae8 31. a3 Nc6 32. Rhg2 Rf7 (32... Qxh5 $2 33. Rxg7+ Kh8 34. Qg2 $18 (34. Rxb7 f3 $16)) 33. Rg6 Kh8 ({Less strong is} 33... Qxh5 34. Qg2 Kh8 (34... Nxd4 35. Rxg7+ Kf8 36. Rg8+ Ke7 37. Re1+ Ne6 38. Nxd5+ Kd7 39. Nb6+ Ke7 40. Rxe6+ Kxe6 41. Qe4+ Qe5 42. Rxe8+) 35. Rxg7 $17 (35. Qxd5 Qxd5 36. Nxd5 f3 $19) (35. Qxd5 $2 Qxd5 36. Nxd5 f3 $19)) 34. Rd6 f3 {[%emt 0:00:44] Hoping for ...f2.} 35. Nxd5 $2 (35. Qf2) 35... f2 36. Rf1 {[%emt 0:00:01] [#]} Nxd4 $2 37. Ka2 $2 (37. Qxd4 $17 Re1+ (37... Qxh5 $2 {loses.} 38. Rxf2 Rxf2 39. Qxf2 $18) 38. Ka2) 37... Nb5 {[%emt 0:00:38] Black is clearly winning.} 38. Ne3 Qxc5 39. Rd3 Rf3 40. b4 Qg5 41. Rxf2 Rfxe3 42. Rxe3 Qxe3 {[%emt 0:00:16] Weighted Error Value: White=0.69/Black=0.41.  Loses game:     	White=1     	---        Mistake:       	White=4     	---        Inaccurate:     	White=4     	Black=1      OK:         	White=11    	Black=19     Best:        	White=1     	---        Strong:       	---       	Black=2} 0-1

[Event "Karel Janecek Open 2024"]
[Site "Prague"]
[Date "2024.03.04"]
[Round "6.9"]
[White "Kusa, Jakub"]
[Black "Kraus, Tomas"]
[Result "1/2-1/2"]
[ECO "D32"]
[WhiteElo "2350"]
[BlackElo "2484"]
[Annotator "TA"]
[PlyCount "33"]
[EventDate "2024.02.22"]
[EventType "swiss"]
[EventCountry "CZE"]
[SourceTitle "playchess.com"]
[Source "ChessBase"]
[SourceQuality "1"]
[TimeControl "40/5400+30:1800+30"]

1. Nf3 d5 2. e3 Nf6 3. c4 e6 4. b3 Bd6 5. Bb2 O-O 6. Nc3 c6 7. d4 Nbd7 8. Bd3 e5 9. cxd5 cxd5 10. dxe5 Nxe5 11. Be2 Nc6 12. O-O a6 13. Rc1 (13. Nxd5 $2 {perishes.} Nxd5 14. Qd2 Be7 $19) 13... Re8 14. Na4 Ne4 15. Nc3 Nf6 16. Na4 Ne4 17. Nc3 {[%emt 0:00:05] Black got outplayed after the opening.   Weighted Error Value: White=0.17 (very precise) /Black=0.00 (flawless) .  OK:         	---       	Black=3      Best:        	---       	Black=1} 1/2-1/2

[Event "Karel Janecek Open 2024"]
[Site "Prague"]
[Date "2024.03.04"]
[Round "6.10"]
[White "Senthil Maran K"]
[Black "Quintiliano, Renato R."]
[Result "1/2-1/2"]
[ECO "E62"]
[WhiteElo "2275"]
[BlackElo "2493"]
[Annotator "ChessBase"]
[PlyCount "246"]
[EventDate "2024.02.22"]
[EventType "swiss"]
[EventCountry "CZE"]
[SourceTitle "playchess.com"]
[Source "ChessBase"]
[SourceQuality "1"]
[TimeControl "40/5400+30:1800+30"]

1. c4 Nf6 2. Nf3 g6 3. g3 Bg7 4. Bg2 O-O 5. O-O d6 6. d4 c6 7. Nc3 Bf5 8. b3 Ne4 9. Nxe4 Bxe4 10. Bb2 Nd7 11. Qd2 a5 12. Qf4 Bxf3 13. Bxf3 a4 14. Qd2 Qb6 15. c5 Qb5 16. cxd6 exd6 17. e3 axb3 18. a4 Qf5 19. Bd1 h5 20. Bxb3 h4 21. Bc2 Qh3 22. Be4 Qe6 23. Bf3 d5 24. Bc3 Nb6 25. a5 Nc4 26. Qd3 hxg3 27. hxg3 f5 28. Rfb1 Rf7 29. Rb3 Bf6 30. Rab1 Ra7 31. Bb4 Be7 32. Be1 Bd8 33. a6 b5 34. Ra1 Qc8 35. Rbb1 Rxa6 36. Rxa6 Qxa6 37. Bc3 Qc8 38. Ra1 Bb6 39. Qb1 Ra7 40. Rxa7 Bxa7 41. Be2 Nd6 42. Qa2 Bb6 43. Qa3 Ne4 44. Be1 Qe8 45. Qa6 Bc7 46. Qb7 Bd6 47. Kg2 Bf8 48. Kg1 Nd6 49. Qc7 Nf7 50. Qb7 Nd6 51. Qc7 Qc8 52. Qxc8 Nxc8 53. g4 Kf7 54. gxf5 gxf5 55. Bh5+ Ke6 56. Be8 Na7 57. Kf1 Bd6 58. Ke2 f4 59. Kd3 Ke7 60. Bh5 fxe3 61. fxe3 Nc8 62. Ba5 Ba3 63. e4 dxe4+ 64. Kxe4 Nd6+ 65. Kd3 Nc4 66. Be1 Nb6 67. Bf3 Kd7 68. Bg3 Bd6 69. Bg4+ Kc7 70. Be1 Kb7 71. Be6 Ka6 72. Bh4 Bh2 73. Bd8 Nd5 74. Bc8+ Ka7 75. Ba5 Bd6 76. Bd2 Bf4 77. Be1 Bd6 78. Bd7 Kb6 79. Be8 Be7 80. Bd2 Bf6 81. Bf7 Kc7 82. Bg8 Kd7 83. Bf7 Kd6 84. Bg8 Bd8 85. Bf7 Bb6 86. Bg8 Kd7 87. Bf7 Nc7 88. Ke4 Ne8 89. Kd3 Nd6 90. Bg8 Nf5 91. Bc3 Ne7 92. Bf7 Nd5 93. Bd2 Ke7 94. Bg8 Kd6 95. Bf7 Bd8 96. Bg8 Bh4 97. Bf7 Bf2 98. Bg8 Ke7 99. Bh7 Bg3 100. Bg8 Bd6 101. Bh7 Bb4 102. Bc1 Bc3 103. Be4 Ba1 104. Bd2 Kd6 105. Bh7 Nf6 106. Bg6 Kc7 107. Ba5+ Kd7 108. Bf7 Nd5 109. Bd2 Kd6 110. Bg8 Ke7 111. Bh7 b4 112. Kc4 Bc3 113. Bg5+ Kd6 114. Bg8 Nb6+ 115. Kb3 Kd7 116. Bh6 Ke8 117. Be6 Ke7 118. Bg8 Nc8 119. Bf4 Kd7 120. d5 c5 121. Be6+ Kd8 122. Bxc8 Kxc8 123. Be3 Kd7 1/2-1/2

[Event "Karel Janecek Open 2024"]
[Site "Prague"]
[Date "2024.03.04"]
[Round "6.11"]
[White "Barbosa, Evandro Amorim"]
[Black "Harikrishnan.A.Ra"]
[Result "1/2-1/2"]
[ECO "C11"]
[WhiteElo "2491"]
[BlackElo "2448"]
[Annotator "TA"]
[PlyCount "76"]
[EventDate "2024.02.22"]
[EventType "swiss"]
[EventCountry "CZE"]
[SourceTitle "playchess.com"]
[Source "ChessBase"]
[SourceQuality "1"]
[TimeControl "40/5400+30:1800+30"]

1. e4 e6 2. d4 d5 3. Nc3 Nf6 4. e5 Nfd7 5. f4 c5 6. Nf3 Nc6 7. Be3 cxd4 8. Nxd4 Qb6 9. a3 Bc5 10. Na4 Qa5+ 11. c3 Bxd4 12. Bxd4 Nxd4 13. Qxd4 b6 14. Qb4 Qxb4 15. axb4 Bb7 16. Bb5 Ke7 17. Kd2 Nb8 18. Bd3 Nc6 19. b5 Na5 {[%emt 0:22:13] [#]} 20. Nc5 {[%emt 0:09:59] Dodges Nb3+} Nc4+ (20... bxc5 21. Rxa5) 21. Bxc4 bxc5 22. Bd3 Kd8 23. f5 (23. Ra4 $14) 23... exf5 24. Rhf1 g6 25. g4 $1 Re8 26. gxf5 Rxe5 27. fxg6 fxg6 28. Rf8+ (28. Rf7 $5 Re7 $8 29. Rf6 $11) 28... Re8 $1 29. Rf7 Re7 30. Rf8+ Re8 31. Rf7 Re7 32. Rf8+ Kc7 33. Rf6 c4 34. Bf1 Rae8 35. Rxa7 Re6 36. Rf2 Kb6 37. Ra4 R8e7 (37... Kxb5 $15 38. b3 Bc6) 38. b3 $11 cxb3 {[%emt 0:03:58] Weighted Error Value: White=0.08 (flawless) /Black=0.09 (flawless) .  Mistake:       	White=1     	Black=1      Inaccurate:     	White=1     	---        OK:         	White=12    	Black=11     Best:        	White=1     	Black=2      Strong:       	White=1     	Black=1} 1/2-1/2

[Event "Karel Janecek Open 2024"]
[Site "Prague"]
[Date "2024.03.04"]
[Round "6.12"]
[White "Rohit S"]
[Black "Csonka, Balasz"]
[Result "1/2-1/2"]
[ECO "C64"]
[WhiteElo "2174"]
[BlackElo "2480"]
[Annotator "TA"]
[PlyCount "93"]
[EventDate "2024.02.22"]
[EventType "swiss"]
[EventCountry "CZE"]
[SourceTitle "playchess.com"]
[Source "ChessBase"]
[SourceQuality "1"]
[TimeControl "40/5400+30:1800+30"]

1. e4 e5 2. Nf3 Nc6 3. Bb5 Bc5 4. c3 Nf6 5. d4 exd4 6. e5 Nd5 7. O-O Be7 8. cxd4 {[%emt 0:07:59] [#] Threatens to win with Qb3.} d6 9. exd6 cxd6 10. Qb3 Nc7 11. d5 Nxb5 12. Qxb5 a6 13. Qe2 Ne5 14. Nxe5 dxe5 15. Qxe5 O-O 16. Nc3 Bd6 17. Qh5 Re8 {[%emt 0:15:31] Inhibits Ne4.} 18. Bg5 Qb6 19. Rae1 Bd7 {[%emt 0:14:18][%cal Bc8d7,Bd7e8,Be8f7][%mdl 32] This pair of bishops is nice.} 20. Bc1 Qd4 21. Qf3 Rac8 22. h3 Rxe1 23. Rxe1 Re8 (23... b5 $11) 24. Rxe8+ $14 Bxe8 25. Qe4 Qe5 26. Qxe5 (26. f4 $16 Bc5+ 27. Kh2) 26... Bxe5 $16 {[%emt 0:00:07][%mdl 4096] Endgame. KBB-KBN} 27. Ne4 f5 28. Nc5 Bf7 29. Nxb7 Bxd5 30. Nc5 Bxa2 31. Nxa6 Bd6 {[%emt 0:02:56] [#] ...Bc4 would now be deadly.} 32. Bd2 Kf7 33. Bb4 Bc4 34. Bxd6 {[%emt 0:00:24] White is slightly better.} Bxa6 $14 {[%emt 0:00:06] KB-KB} 35. Be5 g6 36. Kh2 Ke6 37. Bf4 h5 38. Kg3 Bf1 39. Kf3 Kd5 40. h4 Ke6 41. g3 Ba6 42. Ke3 Kd5 43. Kd2 Bb5 44. Kc3 Bf1 45. Bc7 Ba6 46. Kd2 Ke4 47. Bf4 {[%emt 0:00:00] Weighted Error Value: White=0.06 (flawless) /Black=0.06 (flawless) .  Mistake:       	White=1     	Black=1      Inaccurate:     	White=1     	Black=1      OK:         	White=23    	Black=12     Best:        	White=1     	Black=5} 1/2-1/2

[Event "Karel Janecek Open 2024"]
[Site "Prague"]
[Date "2024.03.04"]
[Round "6.13"]
[White "Stoyanov, Tsvetan"]
[Black "Mis, Mieszko"]
[Result "1/2-1/2"]
[ECO "D32"]
[WhiteElo "2465"]
[BlackElo "2301"]
[Annotator "TA"]
[PlyCount "51"]
[EventDate "2024.02.22"]
[EventType "swiss"]
[EventCountry "CZE"]
[SourceTitle "playchess.com"]
[Source "ChessBase"]
[SourceQuality "1"]
[TimeControl "40/5400+30:1800+30"]

1. c4 c5 2. Nf3 Nf6 3. Nc3 Nc6 4. e3 e6 5. d4 d5 6. cxd5 exd5 7. Bb5 cxd4 8. Nxd4 Bd7 9. O-O {[%emt 0:00:26] The position is equal.} Bd6 10. Nf3 Bg4 11. Be2 (11. Nxd5 Nxd5 12. e4 Nde7 $19) 11... O-O 12. h3 Bh5 13. b3 (13. Nxd5 $2 {is the wrong capture.} Nxd5 14. Bd2 (14. Qxd5 $2 {too greedy.} Bh2+ 15. Nxh2 Qxd5 $19) 14... Qe7 $19) 13... Qa5 14. Bb2 Rad8 15. Nd4 Nxd4 16. Qxd4 {[%emt 0:12:06] Bxh5 would now be deadly.} Bc5 17. Qf4 (17. Qa4 $5 Qxa4 18. Nxa4 (18. bxa4 d4 $15) 18... Bxe2 19. Rfe1 Bxe3 20. Bxf6 gxf6 21. Rxe2 $15) 17... d4 18. exd4 Bxd4 19. Bxh5 Nxh5 20. Qf3 Rfe8 21. Rad1 Nf6 22. Rd2 Be5 23. Re2 Bd4 {[%emt 0:06:08] [#] Threatens to win with ...Rxe2.} 24. Rd2 Be5 25. Re2 Bd4 {[%emt 0:00:10] Strongly threatening ...Rxe2.} 26. Rd2 {[%emt 0:00:02] A rather calm draw.   Weighted Error Value: White=0.02 (flawless) /Black=0.00 (flawless) .  OK:         	White=9     	Black=8      Best:        	---       	Black=1} 1/2-1/2

[Event "Karel Janecek Open 2024"]
[Site "Prague"]
[Date "2024.03.04"]
[Round "6.14"]
[White "Sethuraman, S.P."]
[Black "Balabayeva, Xeniya"]
[Result "1-0"]
[ECO "D12"]
[WhiteElo "2594"]
[BlackElo "2282"]
[Annotator "TA"]
[PlyCount "87"]
[EventDate "2024.02.22"]
[EventType "swiss"]
[EventCountry "CZE"]
[SourceTitle "playchess.com"]
[Source "ChessBase"]
[SourceQuality "1"]
[TimeControl "40/5400+30:1800+30"]

1. Nf3 d5 2. d4 Nf6 3. e3 Bf5 4. c4 e6 5. Nc3 c6 6. Nh4 Bg4 7. Qb3 b6 8. h3 {[%emt 0:03:11] Black must now prevent cxd5.} Bh5 9. g4 Bg6 {[%emt 0:01:01] White is slightly better.} 10. Nxg6 hxg6 11. Bg2 Bd6 12. Bd2 Nbd7 13. O-O-O Rc8 14. cxd5 cxd5 ({Better is} 14... Nxd5 15. Kb1 Be7) 15. Kb1 $16 O-O 16. g5 (16. Nb5 $142 Bb8 17. Bb4) 16... Nh5 17. h4 Nb8 18. e4 Nc6 19. Nb5 dxe4 20. Bxe4 Qe7 {[%emt 0:02:17] [#] Black cannot hold the game after this.} (20... Bb8 $16) 21. Bxc6 $1 $18 Rxc6 22. Nxd6 Rxd6 23. Bb4 Rfd8 24. Qe3 (24. Bxd6 Qxd6 25. d5 exd5) 24... Qd7 25. Bxd6 Qxd6 {[%emt 0:00:04] [#]} 26. d5 $1 e5 (26... exd5 27. Rd4) 27. Rhe1 f6 28. Qe4 Kf7 29. gxf6 gxf6 30. Rc1 Nf4 {[%emt 0:02:29] [#]} 31. h5 $1 {[%emt 0:01:21] hxg6+ would now be deadly.} Nxh5 (31... Qxd5 32. hxg6+) 32. Rc6 Qxd5 33. Rc7+ Ke6 34. Qg4+ (34. Rxa7 Qxe4+ 35. Rxe4 Kf5 $11) 34... Kd6 35. Rxa7 Nf4 36. Rd1 Nd3 37. Qxg6 Kc6 38. Qxf6+ Rd6 39. Qe7 Qd4 40. Qc7+ (40. Rc7+ $142 Kb5 41. Qe8+ (41. Rc3 Qg4 $18) 41... Ka5 42. Rc3 (42. Ra7+ Kb4 43. Qa4+ Kc5 44. Rc7+ Kd5 45. Qa8+ Ke6 46. Qg8+ Kf5 47. Qh7+ Rg6) 42... b5 43. Ra3+ (43. Rcxd3 Qe4 $18) (43. Rdxd3 Qxd3+ 44. Rxd3 Rxd3 $18) 43... Kb6 44. Rdxd3 (44. Raxd3 Qxd3+ 45. Rxd3 Rxd3 46. Qg6+ Kc5 47. Qxd3 b4 48. Qe4 Kd6 49. Qxb4+ Ke6) 44... Qxd3+ 45. Rxd3) 40... Kb5 41. Qc2 {[%emt 0:30:16] And now Ra3 would win.} e4 42. Ra3 {[%emt 0:11:20] White threatens Rb3+ and mate.} Rf6 43. Rb3+ Ka5 44. Qc7 {[%emt 0:00:00] Weighted Error Value: White=0.06 (flawless) /Black=0.69.  Mistake:       	White=1     	Black=2      Inaccurate:     	---       	Black=6      OK:         	White=12    	Black=4      Best:        	White=3     	Black=1      Strong:       	White=1     	---} 1-0

[Event "Karel Janecek Open 2024"]
[Site "Prague"]
[Date "2024.03.04"]
[Round "6.15"]
[White "Heberla, Bartlomiej"]
[Black "Sorm, Daniel"]
[Result "1-0"]
[ECO "A54"]
[WhiteElo "2546"]
[BlackElo "2279"]
[Annotator "TA"]
[PlyCount "59"]
[EventDate "2024.02.22"]
[EventType "swiss"]
[EventCountry "CZE"]
[SourceTitle "playchess.com"]
[Source "ChessBase"]
[SourceQuality "1"]
[TimeControl "40/5400+30:1800+30"]

1. Nf3 d6 2. d4 Nf6 3. c4 Nbd7 4. Nc3 e5 5. Bg5 h6 6. Bh4 g5 7. Bg3 Nh5 8. e3 Bg7 9. Qc2 {[%emt 0:08:15] White is slightly better.} O-O 10. O-O-O Nxg3 11. hxg3 g4 12. Nh4 exd4 13. exd4 Qg5+ (13... Nb8 $14 {was preferrable.}) 14. Kb1 $16 Nf6 15. Bd3 Bd7 (15... c6 $16) 16. Bf5 $18 Rad8 17. f4 gxf3 18. gxf3 {[%emt 0:00:12] f4 is the strong threat.} Rfe8 19. Rdg1 Bxf5 20. Nxf5 d5 21. f4 ({White should play} 21. c5 $18) 21... Qg6 $2 {[%emt 0:02:09][%mdl 8192] [#] This move loses the game for Black.} (21... Qg4 $16 {is tougher.}) 22. g4 $1 {[%emt 0:00:03] Hoping for g5.} Kf8 (22... Ne4 $142 23. Nxd5 Rxd5 24. cxd5 Kh7) 23. g5 Ne4 24. gxh6 (24. Nxh6 Nd2+ (24... Nxc3+ 25. bxc3 Qxc2+ 26. Kxc2 $16) 25. Kc1 Qxc2+ 26. Kxc2 Nf3 $11 (26... Nxc4 27. Nf5 $11)) 24... Qxf5 25. hxg7+ (25. Rxg7 Rd6 26. Nxd5 Rxh6 $11) 25... Ke7 26. Nxd5+ Kd6 27. Ka1 {[%emt 0:00:32][%cal Og1g5] Black must now prevent Rg5!} c6 {[%emt 0:03:57] [#]} 28. Rg5 $1 Qc8 {[%emt 0:03:04] [#]} (28... Qe6 29. f5) 29. g8=Q $1 Rxg8 30. Qxe4 {[%emt 0:00:12] Weighted Error Value: White=0.05 (flawless) /Black=0.71.  Loses game:     	---       	Black=1      Mistake:       	White=1     	Black=3      OK:         	White=7     	Black=5      Best:        	White=2     	Black=2      Strong:       	White=1     	---} 1-0

[Event "Karel Janecek Open 2024"]
[Site "Prague"]
[Date "2024.03.04"]
[Round "6.16"]
[White "Daakshin Arun"]
[Black "Popovic, Dusan"]
[Result "1-0"]
[ECO "E94"]
[WhiteElo "2309"]
[BlackElo "2504"]
[Annotator "RC"]
[PlyCount "125"]
[EventDate "2024.02.22"]
[EventType "swiss"]
[EventCountry "CZE"]
[SourceTitle "playchess.com"]
[Source "ChessBase"]
[SourceQuality "1"]
[TimeControl "40/5400+30:1800+30"]

1. d4 Nf6 2. c4 d6 3. Nc3 e5 4. Nf3 Nbd7 5. e4 g6 6. Be2 Bg7 7. O-O O-O 8. Be3 h6 9. dxe5 dxe5 10. Qc1 Ng4 11. Bd2 Kh7 12. Rd1 c6 13. h3 Ngf6 14. b4 Qe7 15. c5 Nh5 16. g3 b6 17. Be3 bxc5 18. bxc5 Rd8 19. Kg2 Nf8 20. Qc2 Ne6 21. Rxd8 Qxd8 22. Rd1 Qc7 23. Na4 Rb8 24. Nb2 Qe7 25. Nc4 Nd8 26. Qa4 Qc7 27. Bd2 Ne6 28. Ba5 Qe7 29. Qxc6 Qxc5 30. Qxc5 Nxc5 31. Nfxe5 Be6 32. Nc6 Ra8 33. Nd8 Nf6 34. e5 Nfd7 35. Nxe6 fxe6 36. f4 Nb6 37. Nxb6 axb6 38. Bxb6 Rxa2 39. Bxc5 Rxe2+ 40. Kf3 Rc2 41. Be7 h5 42. Bh4 Bf8 43. Rd8 Kg7 44. Bf6+ Kf7 45. Rd7+ Ke8 46. Rd8+ Kf7 47. g4 Rc3+ 48. Kg2 hxg4 49. hxg4 Rb3 50. Rd7+ Ke8 51. Rc7 Ra3 52. Rh7 Rb3 53. Rc7 Ra3 54. Rb7 Rc3 55. f5 gxf5 56. g5 Bc5 57. g6 f4 58. Rb8+ Kd7 59. g7 f3+ 60. Kh2 Rc2+ 61. Kg3 f2 62. Rb1 Rb2 63. Rd1+ 1-0

[Event "Karel Janecek Open 2024"]
[Site "Prague"]
[Date "2024.03.04"]
[Round "6.17"]
[White "Hu, Zhening"]
[Black "Belenkaya, Dina"]
[Result "0-1"]
[ECO "D36"]
[WhiteElo "1776"]
[BlackElo "2202"]
[Annotator "RC"]
[PlyCount "92"]
[EventDate "2024.02.22"]
[EventType "swiss"]
[EventCountry "CZE"]
[SourceTitle "playchess.com"]
[Source "ChessBase"]
[SourceQuality "1"]
[TimeControl "40/5400+30:1800+30"]

1. d4 d5 2. c4 e6 3. Nc3 Nf6 4. cxd5 exd5 5. Bg5 Be7 6. e3 c6 7. Bd3 O-O 8. Qc2 h6 9. Bh4 Ne8 10. Bg3 Nd6 11. Nf3 Be6 12. O-O Nd7 13. h3 a5 14. Ne2 a4 15. Nf4 a3 16. b3 Rc8 17. Rac1 b6 18. b4 b5 19. Qb3 Nc4 20. Nxe6 fxe6 21. Bxc4 bxc4 22. Qxa3 Qb6 23. Rb1 Ra8 24. Qb2 Ra4 25. a3 Rfa8 26. Qc2 Rxa3 27. Qg6 Nf8 28. Qg4 Qd8 29. b5 cxb5 30. Rxb5 R3a7 31. e4 Qd7 32. Rb6 Qc8 33. Be5 Bd8 34. Rd6 c3 35. Rc1 Qc4 36. Ne1 Bg5 37. f4 Ra1 38. Rxa1 Rxa1 39. fxg5 Rxe1+ 40. Kh2 Qf1 41. gxh6 Qg1+ 42. Kg3 Re3+ 43. Kh4 Rxe4 44. h7+ Kxh7 45. Bf4 Rxf4 46. Qxf4 Ng6+ 0-1

[Event "Karel Janecek Open 2024"]
[Site "Prague"]
[Date "2024.03.04"]
[Round "6.18"]
[White "Botez, Alexandra"]
[Black "Radzimski, Antoni"]
[Result "0-1"]
[ECO "E11"]
[WhiteElo "1977"]
[BlackElo "2197"]
[Annotator "RC"]
[PlyCount "82"]
[EventDate "2024.02.22"]
[EventType "swiss"]
[EventCountry "CZE"]
[SourceTitle "playchess.com"]
[Source "ChessBase"]
[SourceQuality "1"]
[TimeControl "40/5400+30:1800+30"]

1. d4 Nf6 2. c4 e6 3. Nf3 Bb4+ 4. Bd2 Qe7 5. g3 Nc6 6. Nc3 Bxc3 7. Bxc3 Ne4 8. Rc1 d6 9. d5 Nxc3 10. Rxc3 Nd8 11. Bg2 O-O 12. Nd2 e5 13. c5 f5 14. cxd6 cxd6 15. Qc2 Nf7 16. Rc7 Qf6 17. O-O b6 18. Qa4 a5 19. b4 b5 20. Qa3 a4 21. Rfc1 Rb8 22. Ra7 e4 23. Rcc7 Qd4 24. Qe3 Qxd5 25. f3 Qxa2 26. Qd4 Be6 27. fxe4 fxe4 28. Bxe4 Rbc8 29. Kg2 a3 30. Rxc8 Rxc8 31. Bb1 Qd5+ 32. Qxd5 Bxd5+ 33. e4 Ra8 34. Rxa8+ Bxa8 35. Ba2 Kf8 36. Kf2 Ne5 37. Ke2 Nc6 38. Bd5 Nd4+ 39. Kd3 Bxd5 40. Kc3 a2 41. Kb2 Nc2 0-1